 Dungeon Crawl Stone Soup version 0.23.1-38-g628c18f423 (webtiles) character file.

Game seed: 4728082308055846043

392 Peloso the Slasher (level 6, -2/53 HPs)
             Began as a Minotaur Fighter on Mar 29, 2019.
             Slain by a gnoll
             ... wielding a +4 halberd
              (5 damage)
             ... on level 4 of the Dungeon.
             The game lasted 00:03:18 (1630 turns).

Peloso the Slasher (Minotaur Fighter)               Turns: 1630, Time: 00:03:19

Health: -2/53      AC:  7    Str: 21    XL:     6   Next: 51%
Magic:  5/5        EV:  8    Int:  5    God:
Gold:   97         SH: 10    Dex: 11    Spells: 5/5 levels left

rFire    . . .     SeeInvis .   a - +0 long sword
rCold    . . .     Gourm    .   c - +0 shield
rNeg     . . .     Faith    .   b - +0 scale mail
rPois    .         Spirit   .   (helmet restricted)
rElec    .         Reflect  .   (no cloak)
rCorr    +         Harm     .   (no gloves)
MR       .....                  (no boots)
Stlth    ..........             (no amulet)
HPRegen  0.17/turn              j - ring of resist corrosion
MPRegen  0.09/turn              (no ring)

@: no status effects
A: retaliatory headbutt, horns 2
a: no special abilities


You were on level 4 of the Dungeon.
You were hungry.

You visited 1 branch of the dungeon, and saw 4 of its levels.

You collected 97 gold pieces.

Inventory:

Hand Weapons
 a - a +0 long sword (weapon)
Armour
 b - a +0 scale mail (worn)
 c - a +0 shield (worn)
Jewellery
 j - a ring of resist corrosion (left hand)
 s - an uncursed ring of fire {unknown}
Scrolls
 e - a scroll of noise {unknown}
 g - 3 scrolls of enchant weapon {unknown}
 k - 3 scrolls of teleportation {unknown}
 l - 7 scrolls of identify {unknown}
 o - a scroll of amnesia {unknown}
 p - 3 scrolls of magic mapping {unknown}
 q - a scroll of fear {unknown}
 t - a scroll of enchant armour {unknown}
 u - a scroll of remove curse {unknown}
 v - a scroll of random uselessness {unknown}
Potions
 d - 2 potions of might
 h - 2 potions of invisibility {unknown}
 i - 2 potions of curing {unknown}
 m - a potion of heal wounds {unknown}
 n - a potion of agility {unknown}
 r - a potion of ambrosia {unknown}
Comestibles
 f - 8 rations


   Skills:
 + Level 4.7 Fighting
 + Level 5.5 Long Blades
 + Level 5.2 Armour
 + Level 1.3 Dodging
 + Level 5.1 Shields


You had 5 spell levels left.
You didn't know any spells.
Your spell library was empty.

Dungeon Overview and Level Annotations

Branches:
Dungeon (4/15)
 Temple: D:4-7

Altars:
Dithmenos
Xom


Innate Abilities, Weirdness & Mutations

You reflexively headbutt those who attack you in melee.
You have a pair of horns on your head.


Message History

You closely miss the jackal. Your headbutt misses the jackal.
The jackal is almost dead.
The jackal barely misses you. You furiously retaliate!
You headbutt the jackal.
You kill the jackal!
You miss the jackal. You block the jackal's attack.
The jackal barely misses you.
You hit the jackal but do no damage.
You headbutt the jackal, but do no damage.
The gnoll hits you from afar with a +4 halberd.
The jackal misses you.
You riposte.
You barely miss the jackal. You completely miss the jackal.
The jackal bites you but does no damage.
The gnoll hits you from afar with a +4 halberd!
The jackal bites you but does no damage.
You miss the jackal. You headbutt the jackal.
You kill the jackal!
The gnoll hits you from afar with a +4 halberd!
* * * LOW HITPOINT WARNING * * *
The gnoll hits you with a +4 halberd.
You die...

### # ### ..##
...###########
)#.†.........#####
...###...........#
..####.#####.###.#
#.##.....# #.# #@#
#.##.###.###.###g###
#....###................
...........).........[..
≈≈≈≈≈≈≈≈≈≈≈≈≈≈≈≈≈....≈≈≈
≈≈≈≈≈≈≈≈≈≈≈≈≈≈≈≈≈....≈≈≈
#####≈≈≈≈≈≈≈≈≈≈≈≈....≈≈≈
#.gg#...................
#...#############++++###


You could see a gnoll.

Vanquished Creatures
  A phantom (D:4)
  A scorpion (D:4)
  4 crimson imps (D:3)
  2 gnolls
  A howler monkey skeleton (D:2)
  2 adders (D:2)
  4 dart slugs
  3 leopard geckos
  4 giant cockroaches
  6 goblins
  6 hobgoblins
  16 jackals
  4 kobolds
  A quokka (D:4)
  3 ball pythons
  6 bats
  A frilled lizard (D:1)
  A quokka skeleton (D:4)
  4 rats
  2 toadstools (D:1)
72 creatures vanquished.

Vanquished Creatures (others)
  2 toadstools (D:1)
2 creatures vanquished.

Grand Total: 74 creatures vanquished

Notes
Turn   | Place    | Note
-------+----------+-------------------------------------------
     0 | D:1      | Peloso the Minotaur Fighter began the quest for the Orb.
     0 | D:1      | Reached XP level 1. HP: 19/19 MP: 0/0
    30 | D:1      | Reached XP level 2. HP: 24/27 MP: 1/1
   192 | D:1      | Reached XP level 3. HP: 29/33 MP: 2/2
   761 | D:2      | Reached XP level 4. HP: 28/41 MP: 3/3
   980 | D:3      | Found a shadowy altar of Dithmenos.
  1269 | D:3      | Found a shimmering altar of Xom.
  1294 | D:3      | Reached XP level 5. HP: 34/47 MP: 4/4
  1546 | D:4      | Reached skill level 5 in Long Blades
  1546 | D:4      | Reached skill level 5 in Armour
  1546 | D:4      | Reached skill level 1 in Dodging
  1546 | D:4      | Reached XP level 6. HP: 39/53 MP: 5/5
  1578 | D:4      | Reached skill level 5 in Shields
  1630 | D:4      | Slain by a gnoll

Skill      XL: |  1  2  3  4  5  6 |
---------------+-------------------+-----
Fighting       | 4 |  4.7
Shields        | 4 5 |  5.1
Long Blades    | 3 4 5 |  5.5
Armour         | 4 5 |  5.2
Dodging        | 1 |  1.3

Action                   |  1- 3 |  4- 6 || total
-------------------------+-------+-------++-------
Melee: Long sword        |    65 |   117 ||   182
       Headbutt          |    12 |    19 ||    31
  Eat: Chunk             |       |     2 ||     2
Armor: Scale mail        |    39 |    46 ||    85
Dodge: Dodged            |    28 |    29 ||    57
Block: Shield            |    35 |    63 ||    98
       Rpst.: Long sword |    10 |    10 ||    20
